 Dungeon Crawl Stone Soup version 0.22.0-40-g68aacdc (webtiles) character file.

109 Gildeon the Magician (level 4, 0/24 HPs)
             Began as a Deep Elf Fire Elementalist on Sept 1, 2018.
             Slain by Natasha (7 damage)
             ... on level 2 of the Dungeon.
             The game lasted 00:10:29 (1507 turns).

Gildeon the Magician (Deep Elf Fire Elementalist)   Turns: 1507, Time: 00:10:29

Health: 0/24       AC:  3    Str:  5    XL:     4   Next: 60%
Magic:  8/12       EV: 13    Int: 21    God:
Gold:   62         SH:  0    Dex: 15    Spells: 3/12 levels left

rFire    . . .     SeeInvis .   f - +0 whip (curse)
rCold    . . .     Gourm    .   (no shield)
rNeg     . . .     Faith    .   a - +0 robe
rPois    +         Spirit   .   (no helmet)
rElec    .         Reflect  .   i - +0 cloak
rCorr    .         Harm     .   (no gloves)
MR       .....                  (no boots)
Stlth    ++........             (no amulet)
HPRegen  0.08/turn              h - ring of poison resistance
MPRegen  0.13/turn              (no ring)

@: no status effects
A: no striking features
a: no special abilities


You were on level 2 of the Dungeon.
You were not hungry.

You visited 1 branch of the dungeon, and saw 2 of its levels.

You collected 62 gold pieces.

Inventory:

Hand Weapons
 f - a cursed +0 whip (weapon)
Armour
 a - a +0 robe (worn)
 i - a +0 cloak (worn)
Jewellery
 h - a ring of poison resistance (left hand)
Wands
 b - a wand of flame (26)
Scrolls
 e - 4 scrolls of teleportation
Potions
 g - a potion of lignification
 j - 2 potions of heal wounds {unknown}
Comestibles
 c - 3 rations
 d - 5 chunks of flesh


   Skills:
 - Level 2.4 Dodging
 - Level 2.4 Stealth
 + Level 4.5 Spellcasting
 + Level 2.9 Conjurations
 + Level 4.3 Fire Magic


You had 3 spell levels left.
You knew the following spells:

 Your Spells              Type           Power        Failure   Level  Hunger
a - Flame Tongue          Conj/Fire      ###..        2%          1    None
b - Throw Flame           Conj/Fire      ###...       3%          2    #......
c - Conjure Flame         Conj/Fire      ###.....     8%          3    ##.....
d - Inner Flame           Hex/Fire       ##......     14%         3    ##.....

Your spell library contained the following spells:

 Spells                   Type           Power        Failure   Level  Hunger
 Sticky Flame             Conj/Fire      ###.....     26%         4    ####...
 Fireball                 Conj/Fire      ###.......   56%         5    ######.


Dungeon Overview and Level Annotations

Branches:
Dungeon (2/15)

Altars:

Annotations:
D:2 Natasha


Message History

You start resting.
Natasha, Servant of Life and Death comes into view.
Natasha extends her claws.
Natasha drinks a potion.
Natasha flickers and vanishes!
Deactivating autopickup; reactivate with Ctrl-A.
Casting: Flame Tongue (safe; 2% risk of failure)
Confirm with . or Enter, or press ? or * to list all spells.
You can't see any susceptible monsters within range! (Use Z to cast anyway.)
You see here a scale mail.
You miss something.
You feel yourself speed up. Something claws you.
* * * LOW HITPOINT WARNING * * *
Something barely misses you.
Casting: Flame Tongue (safe; 2% risk of failure)
Confirm with . or Enter, or press ? or * to list all spells.
Aiming: Flame Tongue (safe; 2% risk of failure)
Press: ? - help, Shift-Dir - straight line Something claws you!
You die...

. ##.# # .. #..##.
... ..... ...<
#..#
.....####.?####
...............
.......รท#{##
..........@######
####..#.##..##..##
#.#..#........##
#.#.#..........# #
#<#..........#
#.##..>.....##
..##........## .
#..........##
#...........#


There were no monsters in sight!

Vanquished Creatures
  Jessica (D:2)
  Natasha (D:2)
  An adder (D:2)
  An ooze (D:2)
  A worm (D:2)
  2 dart slugs (D:1)
  A leopard gecko (D:2)
  2 giant cockroaches (D:1)
  6 goblins
  5 hobgoblins (D:1)
  4 jackals (D:1)
  4 kobolds (D:1)
  A ball python (D:1)
  3 bats
  3 frilled lizards (D:1)
  2 rats
38 creatures vanquished.

Notes
Turn   | Place    | Note
-------+----------+-------------------------------------------
     0 | D:1      | Gildeon the Deep Elf Fire Elementalist began the quest for the Orb.
     0 | D:1      | Reached XP level 1. HP: 10/10 MP: 6/6
   452 | D:1      | Reached XP level 2. HP: 15/15 MP: 6/8
   461 | D:1      | Learned a level 2 spell: Throw Flame
   896 | D:1      | Reached XP level 3. HP: 16/19 MP: 0/10
   907 | D:1      | Learned a level 3 spell: Conjure Flame
   911 | D:1      | Learned a level 3 spell: Inner Flame
  1303 | D:2      | Noticed Jessica
  1312 | D:2      | Killed Jessica
  1312 | D:2      | Reached XP level 4. HP: 8/24 MP: 6/12
  1455 | D:2      | Noticed Natasha
  1497 | D:2      | Killed Natasha
  1504 | D:2      | Noticed Natasha
  1507 | D:2      | Slain by Natasha

Skill      XL: |  1  2  3 |
---------------+----------+-----
Conjurations   | 2 |  2.9
Spellcasting   | 4 |  4.5
Fire Magic     | 4 |  4.3
Dodging        | |  2.4
Stealth        | |  2.4

Action                   |  1- 3 |  4- 6 || total
-------------------------+-------+-------++-------
Melee: Unarmed           |     1 |       ||     1
       Whip              |     3 |     1 ||     4
 Cast: Flame Tongue      |    56 |    15 ||    71
  Use: Scroll            |     3 |       ||     3
  Eat: Chunk             |     1 |     1 ||     2
Armor: Robe              |     3 |     1 ||     4
Dodge: Dodged            |    17 |     6 ||    23
